 Dungeon Crawl Stone Soup version 0.29-a0-356-g7bc237e783 (webtiles) character file.

Game seed: 10309137612983716569

4529 spaghetti the Nimble (level 10, -6/74 HPs)
             Began as a Gnoll Wanderer on Apr 25, 2022.
             Was a Follower of Cheibriados.
             Mangled by a warg (11 damage)
             ... on level 9 of the Dungeon.
             The game lasted 00:22:46 (12411 turns).

spaghetti the Nimble (Gnoll Wanderer)              Turns: 12411, Time: 00:22:46

Health: -6/74      AC:  6    Str: 14    XL:     10   Next: 39%
Magic:  10/19      EV: 16    Int: 20    God:    Cheibriados [*.....]
Gold:   445        SH:  0    Dex: 13    Spells: 16/21 levels left

rFire   . . .      SeeInvis .   n - +4 lajatang (elec) {staff}
rCold   . . .      Faith    .   (shield currently unavailable)
rNeg    . . .      Spirit   .   d - +2 leather armour
rPois   .          Reflect  .   (helmet restricted)
rElec   .          Harm     .   (no cloak)
rCorr   .          Rampage  .   (no gloves)
Will    .....                   s - +0 pair of boots
Stlth   +++.......              x - amulet of regeneration {@e2}
HPRegen 1.02/turn               (no ring)
MPRegen 0.16/turn               (no ring)

@: very slow
A: fangs 1, strong nose, distributed training, horns 1, clever 1, MP-powered
wands
a: Renounce Religion, Bend Time


You were on level 9 of the Dungeon.
You worshipped Cheibriados.
Cheibriados was aware of your devotion.
You visited 2 branches of the dungeon, and saw 11 of its levels.

You collected 445 gold pieces.


Innate Abilities, Weirdness & Mutations

You have very sharp teeth.
Your uncanny sense of smell can sniff out nearby items.
Your experience applies equally to all skills.
You have a pair of small horns on your head.
Your mind is acute. (Int +2)
You expend magic power (3 MP) to strengthen your wands.


   Skills:
 + Level 5.2 Fighting
 + Level 5.2 Short Blades
 + Level 5.2 Long Blades
 + Level 5.2 Axes
 + Level 5.2 Maces & Flails
 + Level 5.2 Polearms
 + Level 5.2 Staves
 + Level 5.2 Slings
 + Level 5.2 Bows
 + Level 5.2 Crossbows
 + Level 5.2 Throwing
 + Level 5.2 Armour
 + Level 10.0 Dodging
 + Level 5.8 Stealth
 + Level 5.2 Shields
 + Level 5.2 Unarmed Combat
 + Level 6.0 Spellcasting
 + Level 4.3 Conjurations
 + Level 4.3 Hexes
 + Level 4.3 Summonings
 + Level 4.3 Necromancy
 + Level 4.3 Translocations
 + Level 4.3 Transmutations
 + Level 4.3 Fire Magic
 + Level 4.3 Ice Magic
 + Level 4.3 Air Magic
 + Level 4.3 Earth Magic
 + Level 5.8 Poison Magic
 + Level 5.7 Invocations
 + Level 7.0 Evocations


You had 16 spell levels left.
You knew the following spells:

 Your Spells              Type           Power      Damage    Failure   Level
a - Sting                 Tmut/Pois      100%       1d8       1%          1
b - Iskenderun's Mystic   Conj/Tloc      23%        2d6       22%         4

Your spell library contained the following spells:

 Spells                   Type           Power      Damage    Failure   Level
 Mephitic Cloud           Conj/Pois/Air  25%        N/A       5%          3
 Dazzling Flash           Conj/Hex       46%        N/A       6%          3
 Starburst                Conj/Fire      11%        6d5       97%         6
 Malign Gateway           Summ/Tloc      11%        N/A       100%        7
 Summon Horrible Things   Summ           11%        N/A       100%        8

Inventory:

Hand Weapons
 a - a +1 club of chaos {mace}
 n - a +4 lajatang of electrocution (weapon) {staff}
   (You found it on level 4 of the Dungeon)
Missiles
 e - 199 stones (quivered) {throwing}
 l - 6 boomerangs {throwing}
 o - a curare-tipped dart {=fthrowing}
 q - 20 poisoned darts {throwing}
 r - 6 datura-tipped darts {throwing}
Armour
 d - a +2 leather armour (worn)
 s - a +0 pair of boots (worn)
   (You found it on level 7 of the Dungeon)
Jewellery
 x - an amulet of regeneration (around neck) {@e2}
   (You found it on level 7 of the Dungeon)
Wands
 i - a wand of mindburst (2)
   (You took it off an orc on level 7 of the Dungeon)
 k - a wand of flame (1)
   (You found it on level 4 of the Dungeon)
 p - a wand of digging (1)
   (You found it on level 6 of the Dungeon)
 u - a wand of polymorph (7)
   (You found it on level 7 of the Dungeon)
Scrolls
 b - a scroll of holy word
 f - a scroll of immolation {!r!r}
 g - a scroll of amnesia
 j - a scroll of magic mapping {!r}
 m - a scroll of fog
 v - a scroll of vulnerability {!r!r}
Potions
 h - a potion of mutation {!q}

Dungeon Overview and Level Annotations

Branches:
Dungeon (10/15)            Temple (1/1) D:7             Orc (0/2) D:9
   Lair: D:8-11

Altars:
Ashenzari
Cheibriados
Dithmenos
Elyvilon
Fedhas
Gozag
Hepliaklqana
Kikubaaqudgha
Makhleb
Nemelex Xobeh
Okawaru
Qazlal
Ru
Sif Muna
Trog
Uskayaw
Vehumet
Wu Jian
Xom
Yredelemnul
Zin
The Shining One

Annotations:
D:8 exclusion: electric eel
D:10 Amaemon

....###.##......# #######
................# #...###
.......#.....#..###.....#
._........#..#...#..#...#
..........#.....##.###..#
.......#..#......##.#...#
....###..........#.....## ....#
#.......hh........#
....###........#@#.....##
#..........#..o#####...#
#..##......##.K####..###
#..##......###..#...## . ###
...........####.#....##....#...
...............................
...........K.##...#............#
.#......##...oo.###........K..§§#
##....#.##.)#......##....K....§§§


You could see 2 wargs.


Message History

An orc priest comes into view. It is wielding a +0 mace.
The orc priest shouts!
You hear a howl! 😕 HP[+2] MP[+1]
You regained 2 hp, and now have 60/74 hp.
A warg comes into view. x2
The orc priest hits you with a +0 mace.
Casting: Sting (safe; 1% risk of failure)
Confirm with . or Enter, or press ? or * to list all spells.
Aiming: Sting (safe; 1% risk of failure)
Press: ? - help, Shift-Dir - straight line, f - orc priest
Aim: an orc priest, wielding a +0 mace (78% to hit)
The sting hits the orc priest.
The orc priest is poisoned.
The warg howls!
The orc warrior hits you with a +0 halberd.
The orc priest hits you but does no damage. 😕 HP[-4] MP[-1]
You take 4 damage, and now have 56/74 hp.
You lost 1 mp, and now have 7/19 mp.
Okay, then.
As you read the scroll labelled LUKLURANAR, it crumbles to dust.
You hear a loud clanging noise!
It was a scroll of noise.
You hear a shout! x2
The orc warrior barely misses you.
The orc priest barely misses you. 😕 HP[+1] Unknown command.
The orc warrior closely misses you. The orc priest barely misses you.
You start removing your amulet.
You continue taking off your amulet of regeneration {@e2}.
The warg misses you. The orc warrior misses you.
The orc priest hits you with a +0 mace.
Keep disrobing?
You stop removing your amulet.
You slash the orc warrior! You headbutt the orc warrior.
The warg closely misses you. The orc priest hits you with a +0 mace.
The orc warrior hits you with a +0 halberd!
The warg bites you!
* * * LOW HITPOINT WARNING * * *
The warg completely misses you. 😨 HP[-27] MP[+1]
You take 27 damage, and now have 30/74 hp.
MASSIVE DAMAGE!! (PAUSE) Unknown command.
Okay, then.
Okay, then.
Okay, then.
Okay, then.
Okay, then.
Okay, then.
The orc warrior attacks as you move away!
The orc warrior misses you. The warg closely misses you.
The orc warrior barely misses you. 😨 HP[+2]
You regained 2 hp, and now have 32/74 hp.
The orc priest calls down the wrath of Beogh upon you.
Beogh smites you!
* * * LOW HITPOINT WARNING * * *
The warg misses you. The warg bites you.
* * * LOW HITPOINT WARNING * * *
The orc priest begins to cast a cantrip, but forgets the words!
The orc warrior barely misses you. 😨 HP[-11]
You take 11 damage, and now have 21/74 hp.
Unknown command.
The orc priest looks more healthy.
The orc priest invokes the aid of Beogh against you.
Beogh smites you!
* * * LOW HITPOINT WARNING * * *
The warg bites you.
* * * LOW HITPOINT WARNING * * *
The kobold brigand shoots a bolt.
The bolt barely misses you. 😱 HP[-16]
You take 16 damage, and now have 5/74 hp.
MASSIVE DAMAGE!! (PAUSE)
The kobold brigand shoots a bolt.
The bolt closely misses you. The warg barely misses you. 😱 HP[+2]
You regained 2 hp, and now have 7/74 hp.
The warg attacks as you move away! The warg misses you. 😱 HP[+1] MP[+1]
Okay, then.
The warg completely misses you. 😱 HP[+1]
The warg attacks as you move away! The warg completely misses you.
The orc priest begins to cast a cantrip, but forgets the words!
The warg bites you but does no damage. 😱 HP[+2]
You regained 2 hp, and now have 11/74 hp.
The warg attacks as you move away! The warg misses you.
The warg attacks as you move away! The warg barely misses you.
The warg bites you!
* * * LOW HITPOINT WARNING * * *
The warg bites you.
* * * LOW HITPOINT WARNING * * *
😱 HP[-9]
You take 9 damage, and now have 2/74 hp.
The warg attacks as you move away! The warg barely misses you. 😱 HP[+1]
The warg bites you!
You die...

Skill      XL: |  1  2  3  4  5  6  7  8  9 10 |
---------------+-------------------------------+-----
Invocations    | 1 2 3 4 5 |  5.7
Fighting       | 1 2 3 4 5 |  5.2
Short Blades   | 1 2 3 4 5 |  5.2
Long Blades    | 1 2 3 4 5 |  5.2
Axes           | 1 2 3 4 5 |  5.2
Maces & Flails | 1 2 3 4 5 |  5.2
Polearms       | 1 2 3 4 5 |  5.2
Staves         | 1 2 3 4 5 |  5.2
Slings         | 1 2 3 4 5 |  5.2
Bows           | 1 2 3 4 5 |  5.2
Crossbows      | 1 2 3 4 5 |  5.2
Throwing       | 1 2 3 4 5 |  5.2
Armour         | 1 2 3 4 5 |  5.2
Shields        | 1 2 3 4 5 |  5.2
Unarmed Combat | 1 2 3 4 5 |  5.2
Spellcasting   | 3 4 5 6 |  6.0
Conjurations   | 1 2 3 4 |  4.3
Hexes          | 1 2 3 4 |  4.3
Summonings     | 1 2 3 4 |  4.3
Necromancy     | 1 2 3 4 |  4.3
Translocations | 1 2 3 4 |  4.3
Transmutations | 1 2 3 4 |  4.3
Fire Magic     | 1 2 3 4 |  4.3
Ice Magic      | 1 2 3 4 |  4.3
Air Magic      | 1 2 3 4 |  4.3
Earth Magic    | 1 2 3 4 |  4.3
Poison Magic   | 4 5 |  5.8
Stealth        | 3 4 5 |  5.8
Evocations     | 5 6 7 |  7.0
Dodging        | 9 10 | 10.0

Action                   |  1- 3 |  4- 6 |  7- 9 | 10-12 || total
-------------------------+-------+-------+-------+-------++-------
Melee: Club              |    29 |    18 |       |       ||    47
       Bite              |     1 |     6 |    19 |     5 ||    31
       Lajatang          |       |    30 |   248 |    63 ||   341
       Headbutt          |       |       |       |    10 ||    10
Throw: Stone             |       |    55 |   159 |    73 ||   287
 Cast: Sting             |    51 |    63 |   118 |    20 ||   252
Evoke: Wand              |     6 |     9 |     9 |    16 ||    40
  Use: Scroll            |       |    14 |     6 |     8 ||    28
       Potion            |       |     2 |    10 |     4 ||    16
 Stab: Paralysed         |       |       |     7 |     2 ||     9
       Sleeping          |       |       |     1 |       ||     1
       Distracted        |       |       |       |     1 ||     1
Armor: Leather armour    |    18 |    10 |   140 |    33 ||   201
Dodge: Dodged            |    48 |    51 |   359 |   138 ||   596

Levels and vault maps discovered:
D:1:      roderic_chinese_lattice_arrival, layout_rooms
D:2:      minmay_skewed_foursquare, layout_loops_corners, basic_altar,
          uniq_terence
D:3:      layout_loops_corners, mainiacjoe_overflow_alcove_2
D:4:      layout_rooms, nicolae_ru_the_path_less_chosen
D:5:      layout_basic, mainiacjoe_overflow_small_starburst,
          nicolae_ashenzari_skybound, zin_treasury,
          mainiacjoe_overflow_24_doors, wad_woods_river_04, kennysheep_donut
D:6:      layout_loops_ring, lemuel_blue_sif_altar,
          nicolae_tso_besieged_by_evil, grunt_ministairs_5,
          corexii_corridor_pit, uniq_eustachio
D:7:      layout_basic, minmay_temple_entry_mist,
          hangedman_abyss_or_decor_slice, serial_park_tiny_pond,
          minmay_tree_intersection, minivault_26,
          minmay_fractal_squares_gapless_5, uniq_menkaure, uniq_prince_ribbit1
D:8:      layout_basic, nicolae_vehumet_radiance,
          nicolae_overflow_crystal_walls, serial_bayou, serial_bayou_crossing,
          serial_bayou_pond_c, serial_bayou_shore_a, serial_bayou_pond_b,
          minmay_lizard_king
D:9:      layout_cave_pools, slow_altar_1, erik_lair_orcish_takeover,
          david_orc_3
D:10:     layout_rooms, gammafunk_ghost_hive, uniq_snorg, uniq_amaemon
Temple:   minmay_freezing_vapour_temple

Notes
Turn   | Place    | Note
-------+----------+-------------------------------------------
     0 | D:1      | spaghetti the Gnoll Wanderer began the quest for the Orb.
     0 | D:1      | spaghetti set off with the following items: a +0 club
                  | {mace}, a wand of flame (7), a scroll of teleportation
                  | {@r4}, a +2 leather armour; and the following spell
                  | memorised: Sting; and the following spells available to
                  | memorise: Mephitic Cloud
     0 | D:1      | Reached XP level 1. HP: 13/13 MP: 4/4
     0 | D:1      | magus.rc [v1.9.6]
   268 | D:1      | magus.rc [v1.9.6]
   271 | D:1      | Reached XP level 2. HP: 9/20 MP: 0/5
   600 | D:1      | Reached XP level 3. HP: 15/25 MP: 0/7
  1125 | D:2      | Reached skill level 1 in Invocations
  1263 | D:2      | Found a hide-covered altar of Uskayaw.
  1461 | D:2      | Noticed a scorpion
  1467 | D:2      | Reached skill level 1 in Fighting
  1467 | D:2      | Reached skill level 1 in Short Blades
  1467 | D:2      | Reached skill level 1 in Long Blades
  1467 | D:2      | Reached skill level 1 in Axes
  1467 | D:2      | Reached skill level 1 in Maces & Flails
  1467 | D:2      | Reached skill level 1 in Polearms
  1467 | D:2      | Reached skill level 1 in Staves
  1467 | D:2      | Reached skill level 1 in Slings
  1467 | D:2      | Reached skill level 1 in Bows
  1467 | D:2      | Reached skill level 1 in Crossbows
  1467 | D:2      | Reached skill level 1 in Throwing
  1467 | D:2      | Reached skill level 1 in Armour
  1467 | D:2      | Reached skill level 1 in Shields
  1467 | D:2      | Reached skill level 1 in Unarmed Combat
  1479 | D:2      | Killed a scorpion
  1480 | D:2      | Reached skill level 3 in Spellcasting
  1480 | D:2      | Reached skill level 1 in Conjurations
  1480 | D:2      | Reached skill level 1 in Hexes
  1480 | D:2      | Reached skill level 1 in Summonings
  1480 | D:2      | Reached skill level 1 in Necromancy
  1480 | D:2      | Reached skill level 1 in Translocations
  1480 | D:2      | Reached skill level 1 in Transmutations
  1480 | D:2      | Reached skill level 1 in Fire Magic
  1480 | D:2      | Reached skill level 1 in Ice Magic
  1480 | D:2      | Reached skill level 1 in Air Magic
  1480 | D:2      | Reached skill level 1 in Earth Magic
  1480 | D:2      | Reached XP level 4. HP: 30/32 MP: 0/8
  1716 | D:2      | Reached XP level 5. HP: 25/37 MP: 6/9
  1894 | D:2      | Noticed Terence
  1905 | D:2      | Killed Terence
  2942 | D:3      | Reached skill level 4 in Poison Magic
  3397 | D:3      | You pick up a book of Spectacle and begin reading...
  3397 | D:3      | You add the spells Dazzling Flash, Iskenderun's Mystic
                  | Blast and Starburst to your library.
  3758 | D:3      | Found an iron altar of Okawaru.
  3973 | D:4      | Found a sacrificial altar of Ru.
  4162 | D:4      | Reached skill level 2 in Invocations
  4162 | D:4      | Reached XP level 6. HP: 43/44 MP: 1/10
  4270 | D:4      | Reached skill level 3 in Stealth
  4275 | D:4      | HP: 11/44 [orc priest/divine providence (14)]
  4286 | D:4      | Reached skill level 2 in Fighting
  4286 | D:4      | Reached skill level 2 in Short Blades
  4286 | D:4      | Reached skill level 2 in Long Blades
  4286 | D:4      | Reached skill level 2 in Axes
  4286 | D:4      | Reached skill level 2 in Maces & Flails
  4286 | D:4      | Reached skill level 2 in Polearms
  4286 | D:4      | Reached skill level 2 in Staves
  4286 | D:4      | Reached skill level 2 in Slings
  4286 | D:4      | Reached skill level 2 in Bows
  4286 | D:4      | Reached skill level 2 in Crossbows
  4286 | D:4      | Reached skill level 2 in Throwing
  4286 | D:4      | Reached skill level 2 in Armour
  4286 | D:4      | Reached skill level 2 in Shields
  4286 | D:4      | Reached skill level 2 in Unarmed Combat
  4286 | D:4      | Reached skill level 5 in Evocations
  4892 | D:5      | Entered Level 5 of the Dungeon
  4906 | D:5      | Found a broken altar of Ashenzari.
  5227 | D:5      | Found a glowing silver altar of Zin.
  5293 | D:5      | Reached XP level 7. HP: 39/50 MP: 12/12
  5504 | D:5      | HP: 11/50 [ufetubus (2)]
  5859 | D:5      | HP: 10/51 [orc wizard/+0 dagger (4)]
  5869 | D:5      | Reached skill level 2 in Conjurations
  5869 | D:5      | Reached skill level 2 in Hexes
  5869 | D:5      | Reached skill level 2 in Summonings
  5869 | D:5      | Reached skill level 2 in Necromancy
  5869 | D:5      | Reached skill level 2 in Translocations
  5869 | D:5      | Reached skill level 2 in Transmutations
  5869 | D:5      | Reached skill level 2 in Fire Magic
  5869 | D:5      | Reached skill level 2 in Ice Magic
  5869 | D:5      | Reached skill level 2 in Air Magic
  5869 | D:5      | Reached skill level 2 in Earth Magic
  6116 | D:5      | Found a burning altar of Makhleb.
  6141 | D:5      | You add the spells Malign Gateway and Summon Horrible
                  | Things to your library.
  6474 | D:5      | Found an ancient bone altar of Kikubaaqudgha.
  6530 | D:6      | Noticed Eustachio
  6552 | D:6      | Killed Eustachio
  6553 | D:6      | Reached skill level 9 in Dodging
  6553 | D:6      | Reached skill level 3 in Invocations
  6644 | D:6      | Reached skill level 4 in Spellcasting
  6747 | D:6      | Reached XP level 8. HP: 46/57 MP: 1/14
  6936 | D:6      | Reached skill level 3 in Fighting
  6936 | D:6      | Reached skill level 3 in Short Blades
  6936 | D:6      | Reached skill level 3 in Long Blades
  6936 | D:6      | Reached skill level 3 in Axes
  6936 | D:6      | Reached skill level 3 in Maces & Flails
  6936 | D:6      | Reached skill level 3 in Polearms
  6936 | D:6      | Reached skill level 3 in Staves
  6936 | D:6      | Reached skill level 3 in Slings
  6936 | D:6      | Reached skill level 3 in Bows
  6936 | D:6      | Reached skill level 3 in Crossbows
  6936 | D:6      | Reached skill level 3 in Throwing
  6936 | D:6      | Reached skill level 3 in Armour
  6936 | D:6      | Reached skill level 3 in Shields
  6936 | D:6      | Reached skill level 3 in Unarmed Combat
  7333 | D:6      | Reached skill level 4 in Stealth
  7621 | D:6      | Found a shimmering blue altar of Sif Muna.
  7808 | D:6      | Found a glowing golden altar of the Shining One.
  8219 | D:7      | Reached skill level 3 in Conjurations
  8219 | D:7      | Reached skill level 3 in Hexes
  8219 | D:7      | Reached skill level 3 in Summonings
  8219 | D:7      | Reached skill level 3 in Necromancy
  8219 | D:7      | Reached skill level 3 in Translocations
  8219 | D:7      | Reached skill level 3 in Transmutations
  8219 | D:7      | Reached skill level 3 in Fire Magic
  8219 | D:7      | Reached skill level 3 in Ice Magic
  8219 | D:7      | Reached skill level 3 in Air Magic
  8219 | D:7      | Reached skill level 3 in Earth Magic
  8219 | D:7      | Reached skill level 4 in Invocations
  8401 | D:7      | Reached skill level 6 in Evocations
  8560 | D:7      | Reached skill level 5 in Poison Magic
  8560 | D:7      | Reached XP level 9. HP: 48/65 MP: 6/16
  9190 | D:7      | Reached skill level 4 in Fighting
  9190 | D:7      | Reached skill level 4 in Short Blades
  9190 | D:7      | Reached skill level 4 in Long Blades
  9190 | D:7      | Reached skill level 4 in Axes
  9190 | D:7      | Reached skill level 4 in Maces & Flails
  9190 | D:7      | Reached skill level 4 in Polearms
  9190 | D:7      | Reached skill level 4 in Staves
  9190 | D:7      | Reached skill level 4 in Slings
  9190 | D:7      | Reached skill level 4 in Bows
  9190 | D:7      | Reached skill level 4 in Crossbows
  9190 | D:7      | Reached skill level 4 in Throwing
  9190 | D:7      | Reached skill level 4 in Armour
  9190 | D:7      | Reached skill level 4 in Shields
  9190 | D:7      | Reached skill level 4 in Unarmed Combat
  9347 | D:7      | Reached skill level 5 in Spellcasting
  9356 | D:7      | Noticed Prince Ribbit
  9385 | D:7      | Killed Prince Ribbit
  9690 | D:7      | Found a staircase to the Ecumenical Temple.
  9731 | Temple   | Entered the Ecumenical Temple
  9767 | D:7      | Noticed Menkaure
  9781 | D:7      | Killed Menkaure
  9782 | D:7      | Reached skill level 5 in Stealth
 10101 | D:8      | Found a radiant altar of Vehumet.
 10290 | D:8      | Reached skill level 5 in Invocations
 10298 | D:8      | HP: 15/66 [killer bee (4)]
 10303 | D:8      | HP: 15/66 [poisoned by a killer bee]
 10408 | D:8      | Found a stormy altar of Qazlal.
 10755 | D:8      | Noticed a komodo dragon
 10768 | D:8      | Killed a komodo dragon
 10769 | D:8      | Reached skill level 4 in Conjurations
 10769 | D:8      | Reached skill level 4 in Hexes
 10769 | D:8      | Reached skill level 4 in Summonings
 10769 | D:8      | Reached skill level 4 in Necromancy
 10769 | D:8      | Reached skill level 4 in Translocations
 10769 | D:8      | Reached skill level 4 in Transmutations
 10769 | D:8      | Reached skill level 4 in Fire Magic
 10769 | D:8      | Reached skill level 4 in Ice Magic
 10769 | D:8      | Reached skill level 4 in Air Magic
 10769 | D:8      | Reached skill level 4 in Earth Magic
 10769 | D:8      | Reached XP level 10. HP: 41/73 MP: 18/18
 11465 | D:8      | HP: 18/73 [killer bee (2)]
 11466 | D:8      | Gained mutation: Your mind is acute. (Int +2) [potion of
                  | mutation]
 11466 | D:8      | Gained mutation: You have a pair of small horns on your
                  | head. [potion of mutation]
 11466 | D:8      | Gained mutation: You expend magic power (3 MP) to
                  | strengthen your wands. [potion of mutation]
 11470 | D:8      | HP: 12/73 [poisoned by a killer bee]
 11475 | D:8      | HP: 12/73 [poisoned by a killer bee]
 11541 | D:8      | Learned a level 4 spell: Iskenderun's Mystic Blast
 11616 | D:9      | Found a snail-covered altar of Cheibriados.
 11641 | D:9      | Became a worshipper of Cheibriados the Contemplative
 11684 | D:9      | Reached skill level 5 in Fighting
 11684 | D:9      | Reached skill level 5 in Short Blades
 11684 | D:9      | Reached skill level 5 in Long Blades
 11684 | D:9      | Reached skill level 5 in Axes
 11684 | D:9      | Reached skill level 5 in Maces & Flails
 11684 | D:9      | Reached skill level 5 in Polearms
 11684 | D:9      | Reached skill level 5 in Staves
 11684 | D:9      | Reached skill level 5 in Slings
 11684 | D:9      | Reached skill level 5 in Bows
 11684 | D:9      | Reached skill level 5 in Crossbows
 11684 | D:9      | Reached skill level 5 in Throwing
 11684 | D:9      | Reached skill level 5 in Armour
 11684 | D:9      | Reached skill level 5 in Shields
 11684 | D:9      | Reached skill level 5 in Unarmed Combat
 11750 | D:9      | HP: 17/74 [orc warrior/+0 mace (11)]
 11815 | D:9      | HP: 9/74 [orc warrior/boomerang (14)]
 11933 | D:9      | Reached skill level 10 in Dodging
 12077 | D:9      | Found a staircase to the Orcish Mines.
 12164 | D:10     | Entered Level 10 of the Dungeon
 12164 | D:10     | Noticed an orange demon
 12165 | D:10     | Noticed Amaemon
 12167 | D:10     | Noticed a two-headed ogre
 12168 | D:10     | Killed an orange demon
 12169 | D:10     | Reached skill level 6 in Spellcasting
 12169 | D:10     | Reached skill level 7 in Evocations
 12388 | D:9      | Reached * piety under Cheibriados
 12404 | D:9      | HP: 9/74 [orc priest/divine providence (13)]
 12409 | D:9      | HP: 5/74 [warg (7)]
 12409 | D:9      | HP: 2/74 [warg (3)]
 12411 | D:9      | Mangled by a warg

Vanquished Creatures
  An orange demon (D:10)
  A komodo dragon (D:8)
  Prince Ribbit (D:7)
  Eustachio (D:6)
  Menkaure (D:7)
  A steam dragon (D:8)
  4 orc warriors
  An ice beast (D:6)
  A sky beast (D:8)
  An ogre (D:6)
  A centaur (D:7)
  A phantom (D:6)
  2 kobold brigands
  5 bullfrogs
  2 necrophages
  A gnoll sergeant (D:7)
  2 scorpions
  3 wights (D:7)
  11 killer bees
  An iron imp (D:9)
  2 jellies
  A gnoll shaman (D:7)
  2 hounds
  7 orc priests
  10 iguanas
  Terence (D:2)
  11 orc wizards
  4 adders
  4 gnolls
  A shadow imp (D:6)
  2 white imps
  6 ufetubi
  2 worms
  2 dart slugs
  29 orcs
  7 ball pythons
  8 endoplasms
  2 giant cockroaches (D:1)
  6 goblins
  3 hobgoblins
  4 jackals (D:2)
  2 quokkas
  5 bats
  5 frilled lizards
  2 goblin skeletons (D:6)
  A goblin zombie (D:6)
  21 kobolds
  A kobold skeleton (D:6)
  2 kobold zombies (D:6)
  6 rats
201 creatures vanquished.

Vanquished Creatures (others)
  An orc wizard (D:5)
  18 plants
19 creatures vanquished.

Grand Total: 220 creatures vanquished

Table legend:
 A = Non-vault XP
 B = Vault XP
 C = Vault XP percentage of total XP
 D = Non-vault monster count
 E = Vault monster count
 F = Vault count percentage of total count
                 A         B        C        D         E       F
            +---------+---------+-------+---------+---------+-------
      Total |    3824 |    2646 |  40.9 |     159 |      43 |  21.3
            +---------+---------+-------+---------+---------+-------
        D:1 |      44 |       0 |   0.0 |      20 |       0 |   0.0
        D:2 |      51 |     129 |  71.7 |      15 |       6 |  28.6
        D:3 |      64 |       0 |   0.0 |      11 |       0 |   0.0
        D:4 |     172 |       0 |   0.0 |      18 |       0 |   0.0
        D:5 |     372 |       0 |   0.0 |      14 |       0 |   0.0
        D:6 |     708 |     477 |  40.3 |      22 |      10 |  31.2
        D:7 |    1151 |     562 |  32.8 |      29 |       7 |  19.4
        D:8 |     690 |     735 |  51.6 |      12 |      11 |  47.8
        D:9 |     572 |     304 |  34.7 |      18 |       8 |  30.8
       D:10 |       0 |     439 | 100.0 |       0 |       1 | 100.0
            +---------+---------+-------+---------+---------+-------

Illustrated notes

Table legend:
 A = Kills in this place as a percentage of kills in entire the game.
 B = Kills by you in this place as a percentage of kills by you in the entire game.
 C = Kills by friends in this place as a percentage of kills by friends in the entire game.
 D = Other kills in this place as a percentage of other kills in the entire game.
 E = Experience gained in this place as a percentage of experience gained in the entire game.
 F = Experience gained in this place divided by the number of levels of this place that you have seen.
                   A       B       C       D       E      F
               +-------+-------+-------+-------+-------+----------------------
         Total | 100.0 | 100.0 |   N/A | 100.0 | 100.0 | 588.2
       Dungeon | 100.0 | 100.0 |   N/A | 100.0 | 100.0 | 647.0
               +-------+-------+-------+-------+-------+----------------------

Table legend: (Time is in decaauts)
 A = Elapsed time spent in this place.
 B = Non-inter-level travel time spent in this place.
 C = Inter-level travel time spent in this place.
 D = Time resting spent in this place.
 E = Time spent auto-exploring this place.
 F = Levels seen in this place.
 G = Mean time per level.
                   A        B        C        D        E       F      G
               +--------+--------+--------+--------+--------+-----+--------+
         Total |  12614 |  12214 |    400 |   2776 |   7679 |  11 | 1146.7 |
       Dungeon |  12598 |  12198 |    400 |   2776 |   7669 |  10 | 1259.8 |
        Temple |     15 |     15 |      0 |      0 |     10 |   1 |   15.0 |
               +--------+--------+--------+--------+--------+-----+--------+

Top non-repeatable levels by time:
     D:7: 1802 daAuts
     D:8: 1788 daAuts
     D:6: 1776 daAuts
     D:2: 1754 daAuts
     D:5: 1666 daAuts
     D:1: 1123 daAuts
     D:4: 1025 daAuts
     D:3: 1005 daAuts
     D:9: 650 daAuts
  Temple: 15 daAuts
    D:10: 6 daAuts
